 Dungeon Crawl Stone Soup version 0.28.0-43-g3370ac3207 (webtiles) character file.

Game seed: 7739921589174718349

30 Ablot the Grasshopper (level 3, -5/31 HPs)
             Began as a Gnoll Warper on Mar 28, 2022.
             Slain by Sigmund
             ... wielding a +0 scythe
              (8 damage)
             ... on level 2 of the Dungeon.
             The game lasted 00:01:45 (1141 turns).

Ablot the Grasshopper (Gnoll Warper)                Turns: 1141, Time: 00:01:46

Health: -5/31      AC:  5    Str: 18    XL:     3   Next: 18%
Magic:  9/9        EV: 13    Int: 12    God:
Gold:   36         SH:  0    Dex: 11    Spells: 10/12 levels left

rFire   . . .      SeeInvis .   a - +0 spear
rCold   . . .      Faith    .   (no shield)
rNeg    . . .      Spirit   .   b - +0 leather armour
rPois   .          Reflect  .   f - +0 helmet
rElec   .          Harm     .   (no cloak)
rCorr   .          Rampage  .   (no gloves)
Will    .....                   i - +0 pair of boots
Stlth   +.........              (no amulet)
HPRegen 0.10/turn               l - +6 ring of strength
MPRegen 0.11/turn               (no ring)

@: no status effects
A: fangs 1, strong nose, distributed training
a: no special abilities


You were on level 2 of the Dungeon.
You visited 1 branch of the dungeon, and saw 2 of its levels.

You collected 36 gold pieces.

Inventory:

Hand Weapons
 a - a +0 spear (weapon)
Missiles
 d - 5 boomerangs of dispersal
 g - 16 bolts
 h - 23 stones (quivered)
 j - 42 arrows
Armour
 b - a +0 leather armour (worn)
 f - a +0 helmet (worn)
 i - a +0 pair of boots (worn)
Jewellery
 l - a +6 ring of strength (left hand)
Scrolls
 c - a scroll of blinking
 k - a scroll of teleportation {unknown}
Potions
 e - 2 potions of brilliance {unknown}


   Skills:
 + Level 4.5 Fighting
 + Level 0.6 Short Blades
 + Level 0.6 Long Blades
 + Level 0.6 Axes
 + Level 0.6 Maces & Flails
 + Level 4.5 Polearms
 + Level 0.6 Staves
 + Level 0.6 Slings
 + Level 0.6 Bows
 + Level 0.6 Crossbows
 + Level 2.5 Throwing
 + Level 2.5 Armour
 + Level 4.5 Dodging
 + Level 0.6 Stealth
 + Level 0.6 Shields
 + Level 0.6 Unarmed Combat
 + Level 5.0 Spellcasting
 + Level 0.4 Conjurations
 + Level 0.4 Hexes
 + Level 0.4 Summonings
 + Level 0.4 Necromancy
 + Level 5.4 Translocations
 + Level 0.4 Transmutations
 + Level 0.4 Fire Magic
 + Level 0.4 Ice Magic
 + Level 0.4 Air Magic
 + Level 0.4 Earth Magic
 + Level 0.4 Poison Magic
 + Level 0.8 Invocations
 + Level 0.6 Evocations


You had 10 spell levels left.
You knew the following spells:

 Your Spells              Type           Power      Damage    Failure   Level
a - Blink                 Tloc           30%        N/A       4%          2

Your spell library contained the following spells:

 Spells                   Type           Power      Damage    Failure   Level
 Gell's Gravitas          Tloc           15%        N/A       8%          3
 Lesser Beckoning         Tloc           15%        N/A       8%          3
 Teleport Other           Tloc           15%        N/A       8%          3
 Pain                     Necr           16%        1d4       21%         1
 Manifold Assault         Tloc           15%        N/A       58%         5
 Agony                    Necr           4%         N/A       99%         5
 Excruciating Wounds      Necr           2%         N/A       99%         5


Dungeon Overview and Level Annotations

Branches:
Dungeon (2/15)

Altars:
Hepliaklqana

Annotations:
D:2 Sigmund


Innate Abilities, Weirdness & Mutations

You have very sharp teeth.
Your uncanny sense of smell can sniff out nearby items.
Your experience applies equally to all skills.


Message History

You reach to attack!
You hit the worm.
The worm is lightly wounded.
You reach to attack!
You hit the worm.
The worm is moderately wounded.
Sigmund mumbles some strange words.
Sigmund flickers and vanishes!
Deactivating autopickup; reactivate with Ctrl-A.
A ball python comes into view.
There is a stone staircase leading up here.
You climb upwards.
Reactivating autopickup.
There is a stone staircase leading down here.
There is an escape hatch in the floor here.
You slide downwards.
The hatch slams shut behind you.
Level annotation: Sigmund
Found a stone staircase leading down.
There is a stone staircase leading down here.
No target in view!
No target in view!
Found an escape hatch in the floor.
Sigmund casts a spell at you. You resist with significant effort.
Sigmund points at you and mumbles some strange words.
You resist with significant effort.
Sigmund mumbles some strange words.
Sigmund flickers and vanishes!
Deactivating autopickup; reactivate with Ctrl-A.
The frilled lizard hisses angrily.
A puff of flame appears from out of thin air!
The puff of flame hits you. Something hits you!
You barely miss something. Something hits you!
You closely miss something. You hit something. Your bite misses something.
Something hits you but does no damage.
You hit something but do no damage. Something hits you!
* * * LOW HITPOINT WARNING * * *
You barely miss something. You hit something. Something hits you!
You die...

############ w.<........##
..l.w.......######
........_........###########
.###.....S.....w....>......#
.. ........l.###l#########.#
.# #......#..# #{# #.######
S. ......!..## #@# #.#.....
S. ........## #.# ##.#.####
#>#.#.##### #.# #....# #
#.#..<..# #.# #..### .
#.....# #.# #..# . #.....#
#.# #..# #.....# #.# #..#
...[..# #.# #..# #.##.###
#.# #..#


You could see a worm and a frilled lizard.

Vanquished Creatures
  A gnoll (D:1)
  3 bats (D:1)
  An endoplasm (D:1)
  2 giant cockroaches (D:1)
  2 goblins (D:1)
  A hobgoblin (D:1)
  2 kobolds (D:1)
  2 quokkas (D:1)
  A ball python (D:1)
  A frilled lizard (D:1)
  3 rats (D:1)
19 creatures vanquished.

Notes
Turn   | Place    | Note
-------+----------+-------------------------------------------
     0 | D:1      | Ablot the Gnoll Warper began the quest for the Orb.
     0 | D:1      | Reached XP level 1. HP: 20/20 MP: 6/6
   125 | D:1      | HP: 1/20 [goblin/+0 club (1)]
   126 | D:1      | Reached XP level 2. HP: 1/26 MP: 7/7
   138 | D:1      | Learned a level 2 spell: Blink
   579 | D:1      | Found a faded altar of an unknown god.
   723 | D:1      | Reached XP level 3. HP: 31/31 MP: 9/9
   736 | D:1      | Reached skill level 5 in Spellcasting
  1065 | D:2      | Found a hazy altar of Hepliaklqana.
  1066 | D:2      | Noticed Sigmund
  1141 | D:2      | Slain by Sigmund

Illustrated notes

Levels and vault maps discovered:
D:1:      dpeg_arrival_shelter, layout_rooms, chequers_ecumenical_altar_simple,
          minmay_close_crescents
D:2:      layout_loops_ring, basic_altar, dk_noncrumbling_2, hex_medium,
          uniq_sigmund

Skill      XL: |  1  2  3 |
---------------+----------+-----
Spellcasting   | 5 |  5.0
Fighting       | |  4.5
Short Blades   | |  0.6
Long Blades    | |  0.6
Axes           | |  0.6
Maces & Flails | |  0.6
Polearms       | |  4.5
Staves         | |  0.6
Slings         | |  0.6
Bows           | |  0.6
Crossbows      | |  0.6
Throwing       | |  2.5
Armour         | |  2.5
Dodging        | |  4.5
Stealth        | |  0.6
Shields        | |  0.6
Unarmed Combat | |  0.6
Conjurations   | |  0.4
Hexes          | |  0.4
Summonings     | |  0.4
Necromancy     | |  0.4
Translocations | |  5.4
Transmutations | |  0.4
Fire Magic     | |  0.4
Ice Magic      | |  0.4
Air Magic      | |  0.4
Earth Magic    | |  0.4
Poison Magic   | |  0.4
Invocations    | |  0.8
Evocations     | |  0.6

Action                   || total
-------------------------++-------
Melee: Spear             ||    80
       Bite              ||     8
 Stab: Sleeping          ||     1
Armor: Leather armour    ||    15
Dodge: Dodged            ||    23
